 Dungeon Crawl Stone Soup version 0.19.1-1-g22dce08 (webtiles) character file.

32 N00B the Skirmisher (level 3, -1/29 HPs)
             Began as a Mummy Fighter on Jan 1, 2017.
             Slain by a hobgoblin
             ... wielding a +0 club
             ... led by Robin
              (4 damage)
             ... on level 1 of the Dungeon.
             The game lasted 00:01:06 (821 turns).

N00B the Skirmisher (Mummy Fighter)                  Turns: 821, Time: 00:01:07

Health: -1/29      AC: 10    Str: 20    XL:     3   Next: 10%
Magic:  3/3        EV:  5    Int:  7    God:
Gold:   100        SH:  9    Dex: 11    Spells: 0 memorised, 2 levels left

rFire  x . .     SeeInvis .     a - +1 long sword
rCold  + . .     Gourm    .     d - +0 chain mail
rNeg   + + +     Faith    .     c - +0 shield
rPois  ∞         Spirit   .     (no helmet)
rElec  .         Reflect  .     (no cloak)
rCorr  .         Harm     .     (no gloves)
MR     .....                    i - +0 pair of boots
Stlth  ..........               (no amulet)
                                (no ring)
                                (no ring)

@: no status effects
A: no food or potions, fire vulnerability, cold resistance 1, negative energy
resistance 3, torment resistance, unbreathing
a: no special abilities


You were on level 1 of the Dungeon.
You were not hungry.

You visited 1 branch of the dungeon, and saw 2 of its levels.

You collected 100 gold pieces.

Inventory:

Hand Weapons
 a - a +1 long sword (weapon)
Armour
 b - a +0 scale mail
 c - a +0 shield (worn)
 d - a +0 chain mail (worn)
 i - a +0 pair of boots (worn)
Scrolls
 e - 3 scrolls of remove curse {unknown}
 f - a scroll of teleportation {unknown}
 h - a scroll of identify {unknown}


   Skills:
 + Level 3.2 Fighting
 * Level 2.2 Long Blades
 + Level 2.7 Armour
 + Level 2.7 Shields


You had 2 spell levels left.
You didn't know any spells.

Dungeon Overview and Level Annotations

Branches:
Dungeon (2/15)

Altars:
The Shining One

Annotations:
D:2 Robin


Innate Abilities, Weirdness & Mutations

You do not eat or drink.
Your flesh is vulnerable to fire.
You are immune to poison.
Your flesh is cold resistant. (rC+)
You are immune to negative energy. (rN+++)
You are immune to unholy pain and torment.
You can survive without breathing.


Message History

The goblin completely misses you. The goblin hits you with a dagger.
* * * LOW HITPOINT WARNING * * *
The hobgoblin hits you but does no damage. x2
You barely miss the hobgoblin.
The hobgoblin is lightly wounded.
The hobgoblin no longer looks unusually strong.
The goblin no longer looks unusually strong.
The goblin hits you with a dagger.
* * * LOW HITPOINT WARNING * * *
The goblin hits you but does no damage. You block the hobgoblin's attack.
The hobgoblin closely misses you.
Unknown command.
Unknown command.
Unknown command.
As you read the scroll labeled XYSHOM ZEIZ, it crumbles to dust.
It is a scroll of enchant weapon.
Your +0 long sword glows red for a moment.
The goblin hits you but does no damage. You block the goblin's attack.
The hobgoblin hits you with a club.
You die...

#####...... #........†.
########.##...###.
#........#.###.#.# #.######...#
#.... #(# ###.#.###.#.# #)#
#........###. #g####.###.#.## ##
#########@g....# #.#.#
#.......g)g.##.###.#.#####
########.#######...##.....#......
.........# ####...........#####.
#############..(........#..# #.
#.....##..#######..# #.
#.######..# #..# #. #.#
#..#######..# #. #.#
#..(....[...# #.


You could see 2 hobgoblins and 2 goblins.

Vanquished Creatures
  An ooze (D:1)
  A dart slug (D:1)
  10 goblins (D:1)
  4 hobgoblins (D:1)
  A kobold (D:1)
  A bat (D:1)
  A frilled lizard (D:1)
  4 rats (D:1)
23 creatures vanquished.

Notes
Turn   | Place    | Note
-------+----------+-------------------------------------------
     0 | D:1      | N00B the Mummy Fighter began the quest for the Orb.
     0 | D:1      | Reached XP level 1. HP: 18/18 MP: 1/1
   210 | D:1      | Reached XP level 2. HP: 21/24 MP: 2/2
   625 | D:1      | Found a glowing golden altar of the Shining One.
   735 | D:2      | Noticed Robin
   752 | D:1      | Reached XP level 3. HP: 25/29 MP: 3/3
   821 | D:1      | Slain by a hobgoblin

Skill      XL: |  1  2 |
---------------+-------+-----
Long Blades    | 2 |  2.2
Fighting       | |  3.2
Armour         | |  2.7
Shields        | |  2.7

Action                   || total
-------------------------++-------
Melee: Long sword        ||    85
  Use: Scroll            ||     1
Armor: Chain mail        ||    79
Dodge: Dodged            ||    32
Block: Shield            ||    60
       Rpst.: Long sword ||     9
